 Dungeon Crawl Stone Soup version 0.29-a0-464-g50448035db (webtiles) character file.

Game seed: 2801187825539291593

93 Bruhh the Ogre Mage (level 4, 0/39 HPs)
             Began as an Ogre Earth Elementalist on May 21, 2022.
             Slain by a jackal (3 damage)
             ... on level 1 of the Dungeon.
             The game lasted 00:03:49 (2628 turns).

Bruhh the Ogre Mage (Ogre Earth Elementalist)       Turns: 2628, Time: 00:03:49

Health: 0/39       AC:  3    Str: 12    XL:     4   Next: 61%
Magic:  10/10      EV:  9    Int: 18    God:
Gold:   76         SH:  0    Dex:  9    Spells: 10/11 levels left

rFire   . . .      SeeInvis .   a - +0 club
rCold   . . .      Faith    .   (no shield)
rNeg    . . .      Spirit   .   b - +0 robe
rPois   .          Reflect  .   (helmet restricted)
rElec   .          Harm     .   (no cloak)
rCorr   .          Rampage  .   (gloves unavailable)
Will    .....                   (boots unavailable)
Stlth   +.........              (no amulet)
HPRegen 0.13/turn               (no ring)
MPRegen 0.12/turn               (no ring)

@: no status effects
A: large, unfitting armour, tough skin 1
a: no special abilities


You were on level 1 of the Dungeon.
You visited 1 branch of the dungeon, and saw 2 of its levels.

You collected 76 gold pieces.

Inventory:

Hand Weapons
 a - a +0 club (weapon)
Missiles
 g - 3 stones
Armour
 b - a +0 robe (worn)
Jewellery
 d - a ring of positive energy
Scrolls
 c - a scroll of summoning {unknown}
 f - a scroll of blinking {unknown}
 j - a scroll of torment {unknown}


   Skills:
 - Level 1.7 Dodging
 - Level 1.4 Stealth
 + Level 4.1 Spellcasting
 - Level 0.8 Transmutations
 + Level 3.8 Earth Magic


You had 10 spell levels left.
You knew the following spells:

 Your Spells              Type           Power      Damage    Failure   Level
a - Sandblast             Erth           34%        2d9       3%          1

Your spell library contained the following spells:

 Spells                   Type           Power      Damage    Failure   Level
 Passwall                 Tmut/Erth      10%        N/A       9%          2
 Apportation              Tloc           6%         N/A       14%         1
 Stone Arrow              Conj/Erth      20%        3d8       21%         3
 Ensorcelled Hibernation  Hex/Ice        6%         N/A       22%         2
 Petrify                  Tmut/Erth      12%        N/A       50%         4
 Alistair's Intoxication  Tmut/Pois      3%         N/A       98%         5


Dungeon Overview and Level Annotations

Branches:
Dungeon (2/15)

Altars:


Innate Abilities, Weirdness & Mutations

You are too large for most types of armour.
You have tough skin. (AC +1)


Message History

The jackal attacks as you move away! The jackal bites you.
The jackal bites you but does no damage.
The jackal bites you but does no damage.
The jackal attacks as you move away! The jackal closely misses you.
The jackal bites you but does no damage.
You barely miss the jackal. The jackal barely misses you. x2
You hit the jackal but do no damage. The jackal bites you. x2
You barely miss the jackal. The jackal bites you. x2
You barely miss the jackal. The jackal bites you. The jackal barely misses you.
You hit the jackal but do no damage.
The jackal bites you but does no damage.
The jackal closely misses you.
You hit the jackal.
The jackal is moderately wounded.
The jackal bites you. x2
* * * LOW HITPOINT WARNING * * *
You closely miss the jackal.
The jackal is moderately wounded.
The jackal bites you.
* * * LOW HITPOINT WARNING * * *
The jackal barely misses you.
You barely miss the jackal.
The jackal is moderately wounded.
The jackal bites you.
* * * LOW HITPOINT WARNING * * *
You hit the jackal but do no damage.
The jackal is moderately wounded.
The jackal closely misses you. The jackal barely misses you.
You hit the jackal.
The jackal is almost dead.
The jackal bites you.
* * * LOW HITPOINT WARNING * * *
The jackal bites you.
* * * LOW HITPOINT WARNING * * *
You closely miss the jackal.
The jackal is almost dead.
The jackal bites you.
* * * LOW HITPOINT WARNING * * *
The jackal bites you.
You die...

....#######.....#........###+####
................#........##...# #
....########....#.........#.#.# #
###.............#.........#.#.# #
##.........#....#...........#.###
.#.........#....#........####.##.
.#.........#....###.....#........
.'.........########.....#.#.###..
.#.........# #@hhh......#.###..
.#.........#####+##....>###......
.#.........#.......####......#.#.
.#.........#.......##......###...
.#.........#.......##......'...#.
.###########.......##......###.#.
## #............######.##
#.......####.#####.... #.......#
#.##.......


You could see 3 jackals.

Vanquished Creatures
  Jessica (D:2)
  An adder (D:2)
  2 dart slugs
  8 ball pythons
  5 endoplasms
  3 giant cockroaches
  5 goblins
  2 hobgoblins
  2 jackals (D:1)
  4 kobolds
  5 quokkas
  6 bats
  2 frilled lizards (D:1)
  2 rats
48 creatures vanquished.

Notes
Turn   | Place    | Note
-------+----------+-------------------------------------------
     0 | D:1      | Bruhh the Ogre Earth Elementalist began the quest for the
                  | Orb.
     0 | D:1      | Reached XP level 1. HP: 16/16 MP: 3/3
    30 | D:1      | You fall into a shaft and drop 1 floor!
    72 | D:2      | Reached XP level 2. HP: 11/24 MP: 3/5
   247 | D:2      | Reached skill level 3 in Spellcasting
   607 | D:1      | Reached XP level 3. HP: 28/31 MP: 4/7
  1891 | D:2      | Reached XP level 4. HP: 36/39 MP: 9/9
  2191 | D:2      | Noticed Jessica
  2220 | D:2      | Killed Jessica
  2221 | D:2      | Reached skill level 4 in Spellcasting
  2554 | D:2      | Got Jessica's Disquisition on the Oath
  2628 | D:1      | Slain by a jackal

Illustrated notes

Levels and vault maps discovered:
D:1:      minmay_arrival_checkered_box, layout_basic, st_stairs_3
D:2:      layout_rooms, minmay_misc_feat_square, serial_park_tiny_2,
          kennysheep_jessica_study, uniq_jessica

Skill      XL: |  1  2  3  4 |
---------------+-------------+-----
Earth Magic    | 3 |  3.8
Spellcasting   | 3 4 |  4.1
Dodging        | |  1.7
Stealth        | |  1.4
Transmutations | |  0.8

Action                   |  1- 3 |  4- 6 || total
-------------------------+-------+-------++-------
Melee: Unarmed           |    63 |       ||    63
       Club              |    17 |    56 ||    73
 Cast: Sandblast         |    47 |       ||    47
  Use: Potion            |     1 |     4 ||     5
 Stab: Invisible         |       |     1 ||     1
       Sleeping          |       |     1 ||     1
Armor: Robe              |    68 |    31 ||    99
Dodge: Dodged            |    78 |    50 ||   128

Table legend: (Time is in decaauts)
 A = Elapsed time spent in this place.
 B = Non-inter-level travel time spent in this place.
 C = Inter-level travel time spent in this place.
 D = Time resting spent in this place.
 E = Time spent auto-exploring this place.
 F = Levels seen in this place.
 G = Mean time per level.
                   A        B        C        D        E       F      G
               +--------+--------+--------+--------+--------+-----+--------+
         Total |   2650 |   2628 |     22 |    573 |   1564 |   2 | 1325.0 |
       Dungeon |   2650 |   2628 |     22 |    573 |   1564 |   2 | 1325.0 |
               +--------+--------+--------+--------+--------+-----+--------+

Top non-repeatable levels by time:
     D:1: 1389 daAuts
     D:2: 1261 daAuts
